 Dungeon Crawl Stone Soup version 0.30-a0-141-g30f27751c5 (webtiles) character file.

Game seed: 13770517381739298471

240 qw the Chopper (level 6, -2/37 HPs)
             Began as a Gargoyle Fighter on Sept 25, 2022.
             Slain by Duvessa
             ... wielding a +0 short sword
              (7 damage)
             ... on level 5 of the Dungeon.
             The game lasted 00:01:18 (3749 turns).

qw the Chopper (Gargoyle Fighter)                   Turns: 3749, Time: 00:01:19

Health: -2/37      AC: 13    Str: 21    XL:     6   Next: 8%
Magic:  6/6        EV:  4    Int:  9    God:
Gold:   142        SH: 13    Dex: 15    Spells: 5/5 levels left

rFire   . . .      SeeInvis .    Y - +0 war axe
rCold   . . .      Faith    .    n - +0 tower shield
rNeg    + . .      Spirit   .    e - +0 chain mail
rPois   inf        Reflect  .    (no helmet)
rElec   +          Harm     .    (no cloak)
rCorr   .          Rampage  .    (no gloves)
Will    .....                    (no boots)
Stlth   ..........               (no amulet)
HPRegen 0.12/turn                f - +6 ring of dexterity
MPRegen 0.10/turn                (no ring)

@: about to teleport
A: sickness immunity, AC +4, negative energy resistance 1, electricity
resistance, torment resistance 1, petrification resistance
a: no special abilities


You were on level 5 of the Dungeon.
You visited 1 branch of the dungeon, and saw 5 of its levels.

You collected 142 gold pieces.


Innate Abilities, Weirdness & Mutations

You are immune to sickness and miasma.
Your stone body is resilient. (AC +4)
You are immune to poison.
You resist negative energy. (rN+)
You are resistant to electric shocks. (rElec)
You are resistant to unholy torment.
You are immune to petrification.


   Skills:
 - Level 3.2 Fighting
 - Level 5.1 Axes
 - Level 1.0 Throwing
 - Level 3.2 Armour
 - Level 1.2 Dodging
 + Level 3.2 Shields


You had 5 spell levels left.
You didn't know any spells.
Your spell library was empty.

Inventory:

Hand Weapons
 h - a +0 flail of protection
 Y - a +0 war axe (weapon)
Missiles
 p - 4 javelins (quivered)
Armour
 e - a +0 chain mail (worn)
 n - a +0 tower shield (worn)
Jewellery
 c - a ring of magical power
 f - a +6 ring of dexterity (left hand)
Scrolls
 a - 2 scrolls of teleportation
 b - a scroll of identify
Potions
 d - 2 potions of might
 i - a potion of heal wounds
 k - a potion of magic {unknown}
 l - a potion of degeneration {unknown}
 m - a potion of lignification {unknown}
 o - a potion of haste {unknown}

Dungeon Overview and Level Annotations

Branches:
Dungeon (5/15)
 Temple: D:4-7

Altars:
Cheibriados
Hepliaklqana
Wu Jian

Shops:
D:4 *   D:5 :

Annotations:
D:5 Dowan, Duvessa


Message History

You block Duvessa's attack.
Dowan hits you with a +0 dagger of holy wrath.
Duvessa hits you with a +0 short sword. You block Dowan's attack.
You barely miss Duvessa.
Duvessa is lightly wounded.
You barely miss Dowan. You block Duvessa's attack.
Dowan mumbles some strange words.
Dowan blinks!
You hit Duvessa but do no damage.
Duvessa is lightly wounded.
You block Duvessa's attack. x2
Dowan points at you and mumbles some strange words.
The puff of frost hits you!
You hit Duvessa.
Duvessa is moderately wounded.
You block Duvessa's attack. Duvessa hits you but does no damage.
Dowan casts a spell at Duvessa.
Duvessa seems to speed up.
You hit Duvessa.
Duvessa is moderately wounded.
You block Duvessa's attack. Duvessa barely misses you.
You hit Duvessa but do no damage.
Duvessa is moderately wounded.
You hit Dowan.
Duvessa hits you with a +0 short sword. x2
Dowan casts a spell.
Dowan blinks!
You block Duvessa's attack.
You hit Duvessa but do no damage.
Duvessa is moderately wounded.
Duvessa hits you with a +0 short sword.
Duvessa gestures with her weapon.
You block Duvessa's attack. Dowan hits you but does no damage.
Duvessa hits you but does no damage.
3749 ||| READING 3 scrolls of teleportation.
As you read the scroll of teleportation, it crumbles to dust.
You feel strangely unstable.
Duvessa says, "When magic and the sword combine, nothing stands against them."
Duvessa hits you with a +0 short sword!
You die...

######
#....#
#....#
#....#
#....#
#....##
#.....#####
#..@e......
#..e.######
###.## #.#
#.#### #
#....### .#
####...# .#
..
###.##.##.#
#.......#


You could see Duvessa (fast) and Dowan.

Vanquished Creatures
  An orc wizard (D:4)
  4 gnolls
  9 adders
  4 worms
  7 orcs
  7 bats
  3 endoplasms
  5 giant cockroaches
  5 goblins
  6 hobgoblins
  3 jackals (D:1)
  2 quokkas
  5 ball pythons
  3 frilled lizards
  7 kobolds
  9 rats
  A spectral goblin (D:1)
81 creatures vanquished.

Vanquished Creatures (others)
  A plant (D:5)
1 creature vanquished.

Grand Total: 82 creatures vanquished

Notes
Turn   | Place    | Note
-------+----------+-------------------------------------------
     0 | D:1      | qw the Gargoyle Fighter began the quest for the Orb.
     0 | D:1      | Reached XP level 1. HP: 14/14 MP: 1/1
     0 | D:1      | 0 ||| qw: Version: 0.2-a-9-ge00f85e
     0 | D:1      | 0 ||| qw: Game counter: 92
     0 | D:1      | 0 ||| qw: Always use a shield: true
     0 | D:1      | 0 ||| qw: God list: Okawaru
     0 | D:1      | 0 ||| qw: Allow faded altars: false
     0 | D:1      | 0 ||| qw: Do Orc after D:15 true
     0 | D:1      | 0 ||| qw: Do second Lair branch before Depths: true
     0 | D:1      | 0 ||| qw: Lair rune preference: random
     0 | D:1      | 0 ||| qw: Plans: Normal, Zot:1-4, God:TSO, Crypt, Tomb,
                  | Pan, Slime:5, Hells, Abyss, Orb
     0 | D:1      | 0 ||| PLANNING D:1-11
    47 | D:1      | 47 ||| Stepping ~*~*~tactically~*~*~ (stealth).
    55 | D:1      | Reached skill level 2 in Axes
    65 | D:1      | 65 ||| Stepping ~*~*~tactically~*~*~ (stealth).
   197 | D:1      | Found a faded altar of an unknown god.
   225 | D:1      | Reached XP level 2. HP: 19/19 MP: 2/2
   403 | D:1      | 403 ||| Stepping ~*~*~tactically~*~*~ (stealth).
   515 | D:1      | 515 ||| Stepping ~*~*~tactically~*~*~ (stealth).
   525 | D:1      | Reached skill level 3 in Axes
   620 | D:1      | Reached XP level 3. HP: 23/23 MP: 3/3
   796 | D:1      | 796 ||| UPGRADING to +6 ring of dexterity.
   797 | D:1      | 797 ||| READING 2 scrolls labelled SASOG HEUKUSU.
   802 | D:1      | 802 ||| READING scroll labelled JEOPLO OSAOR.
   854 | D:2      | 854 ||| Stepping ~*~*~tactically~*~*~ (stealth).
   855 | D:2      | 855 ||| Stepping ~*~*~tactically~*~*~ (stealth).
   856 | D:2      | 856 ||| Stepping ~*~*~tactically~*~*~ (stealth).
   864 | D:2      | 864 ||| Stepping ~*~*~tactically~*~*~ (stealth).
   889 | D:2      | 889 ||| FLEEEEING.
   890 | D:2      | 890 ||| FLEEEEING.
   898 | D:2      | 898 ||| FLEEEEING.
   899 | D:2      | 899 ||| FLEEEEING.
   900 | D:2      | 900 ||| FLEEEEING.
   901 | D:2      | 901 ||| STAIRDANCE
   954 | D:2      | 954 ||| STAIRDANCE
   957 | D:1      | Reached skill level 1 in Dodging
   960 | D:1      | Reached XP level 4. HP: 15/28 MP: 4/4
  1109 | D:2      | 1109 ||| STAIRDANCE
  1271 | D:2      | Reached skill level 4 in Axes
  1333 | D:2      | 1333 ||| Stepping ~*~*~tactically~*~*~ (stealth).
  1339 | D:2      | Reached XP level 5. HP: 32/32 MP: 5/5
  1605 | D:2      | Identified the +0 ring mail "Pipuixegg" {rPois rC- MP+9
                  | Int+6}
  1777 | D:2      | 1777 ||| DROPPING +0 ring mail "Pipuixegg" {rPois rC- MP+9
                  | Int+6}.
  1778 | D:2      | 1778 ||| READING scroll labelled ZAKHLI UNEODD.
  1779 | D:2      | 1779 ||| READING scroll labelled ZIMIFR IHOKY.
  1780 | D:2      | 1780 ||| DRINKING 2 orange potions.
  1781 | D:2      | 1781 ||| DROPPING potion of brilliance.
  1894 | D:3      | Found a snail-covered altar of Cheibriados.
  1952 | D:3      | Reached skill level 1 in Throwing
  1965 | D:3      | 1965 ||| DROPPING +0 whip.
  2452 | D:3      | Found a hazy altar of Hepliaklqana.
  2532 | D:3      | 2532 ||| UPGRADING to +0 chain mail.
  2542 | D:3      | 2542 ||| DROPPING +0 scale mail.
  2543 | D:3      | 2543 ||| DRINKING 2 bubbling emerald potions.
  2544 | D:3      | 2544 ||| DRINKING 2 black potions.
  2862 | D:4      | Found an ornate altar of the Wu Jian Council.
  2913 | D:4      | Found Teoke's Gadget Gallery.
  2921 | D:4      | 2921 ||| SHOPLISTING wand of digging (6) (302 gold, have
                  | 96).
  3434 | D:4      | 3434 ||| DRINKING potion of curing.
  3434 | D:4      | 3434 ||| (to cure confusion)
  3439 | D:4      | Reached skill level 5 in Axes
  3439 | D:4      | Reached XP level 6. HP: 37/37 MP: 6/6
  3630 | D:4      | 3630 ||| UPGRADING to +0 tower shield.
  3640 | D:4      | 3640 ||| DROPPING +0 buckler.
  3641 | D:4      | 3641 ||| DRINKING 2 purple potions.
  3642 | D:4      | 3642 ||| DROPPING potion of flight.
  3671 | D:5      | Entered Level 5 of the Dungeon
  3671 | D:5      | Found Ixutocon's Book Emporium.
  3734 | D:5      | Noticed Dowan
  3735 | D:5      | Noticed Duvessa
  3748 | D:5      | HP: 5/37 [Duvessa/+0 short sword (5)]
  3749 | D:5      | 3749 ||| READING 3 scrolls of teleportation.
  3749 | D:5      | Slain by Duvessa

Levels and vault maps discovered:
D:1:      dpeg_arrival_erosion, layout_rooms,
          dreamdust_ecumenical_altar_drowned_temple
D:2:      layout_basic, minmay_misc_feat_columns, nrook_mini_vaults,
          grunt_decor_one_mirror
D:3:      layout_loops_ring, lemuel_tele_altar, nzn_hepliaklqana_mist_gate
D:4:      layout_basic, nicolae_wu_jian_immortal_techniques,
          nicolae_shop_gadgets
D:5:      layout_rooms, minmay_temple_entry_statues_pillars, serial_shops, shop,
          nicolae_shop_statue_plus, nicolae_shop_trees, shop,
          nicolae_shop_behind_doors, serial_bayou_pond_c, uniq_duvessa

Skill      XL: |  1  2  3  4  5 |
---------------+----------------+-----
Axes           | 2 3 4 5 |  5.1
Dodging        | 1 |  1.2
Throwing       | 1 |  1.0
Fighting       | |  3.2
Armour         | |  3.2
Shields        | |  3.2

Action                   |  1- 3 |  4- 6 || total
-------------------------+-------+-------++-------
Melee: War axe           |    76 |   139 ||   215
Throw: Javelin           |       |    34 ||    34
  Use: Scroll            |     2 |     3 ||     5
       Potion            |       |     5 ||     5
Armor: Scale mail        |    33 |    40 ||    73
       Chain mail        |       |    20 ||    20
Dodge: Dodged            |    29 |    65 ||    94
Block: Buckler           |    13 |    24 ||    37
       Tower shield      |       |    11 ||    11

Table legend:
 A = Non-vault XP
 B = Vault XP
 C = Vault XP percentage of total XP
 D = Non-vault monster count
 E = Vault monster count
 F = Vault count percentage of total count
                 A         B        C        D         E       F
            +---------+---------+-------+---------+---------+-------
      Total |     343 |       1 |   0.3 |      80 |       1 |   1.2
            +---------+---------+-------+---------+---------+-------
        D:1 |      78 |       1 |   1.3 |      25 |       1 |   3.8
        D:2 |     106 |       0 |   0.0 |      25 |       0 |   0.0
        D:3 |      72 |       0 |   0.0 |      16 |       0 |   0.0
        D:4 |      87 |       0 |   0.0 |      14 |       0 |   0.0
            +---------+---------+-------+---------+---------+-------
